 Dungeon Crawl Stone Soup version 0.24.0-1-gfbc8707 (webtiles) character file.

Game seed: 12817403896341295028, levelgen mode: deterministic

123 Illumine the Shield-Bearer (level 5, -5/47 HPs)
             Began as a Gnoll Fighter on Nov 15, 2019.
             Slain by Blork the orc
             ... wielding a +0 flail
              (7 damage)
             ... on level 4 of the Dungeon.
             The game lasted 00:02:13 (1768 turns).

Illumine the Shield-Bearer (Gnoll Fighter)          Turns: 1768, Time: 00:02:14

Health: -5/47      AC:  9    Str: 19    XL:     5   Next: 7%
Magic:  6/6        EV:  6    Int: 10    God:
Gold:   182        SH: 15    Dex: 15    Spells: 6/6 levels left

rFire    . . .     SeeInvis .   a - +0 long sword
rCold    . . .     Gourm    .   n - +0 large shield
rNeg     . . .     Faith    .   b - +0 scale mail
rPois    .         Spirit   .   (no helmet)
rElec    .         Reflect  .   (no cloak)
rCorr    .         Harm     .   m - +0 pair of gloves
MR       .....                  (no boots)
Stlth    ..........             (no amulet)
HPRegen  0.15/turn              (no ring)
MPRegen  0.10/turn              (no ring)

@: no status effects
A: distributed training, fangs 1, strong nose
a: no special abilities


You were on level 4 of the Dungeon.
You were not hungry.

You visited 1 branch of the dungeon, and saw 4 of its levels.

You collected 182 gold pieces.

Inventory:

Hand Weapons
 a - a +0 long sword (weapon)
Missiles
 p - 3 boomerangs (quivered)
Armour
 b - a +0 scale mail (worn)
 c - a +0 shield
 m - a +0 pair of gloves (worn)
 n - a +0 large shield (worn)
Jewellery
 i - an uncursed amulet of faith
 l - an uncursed ring of flight
Scrolls
 e - 2 scrolls of remove curse {unknown}
 g - 3 scrolls of teleportation {unknown}
 h - a scroll of amnesia {unknown}
 k - 5 scrolls of identify {unknown}
 v - a scroll of enchant weapon {unknown}
Potions
 d - a potion of might
 j - a potion of flight {unknown}
 o - a potion of resistance {unknown}
 q - a potion of brilliance {unknown}
 r - a potion of heal wounds
 s - a potion of curing {unknown}
 t - a potion of lignification {unknown}
 u - a potion of magic {unknown}
Comestibles
 f - 9 rations
 w - a chunk of flesh


   Skills:
 + Level 6.6 Fighting
 + Level 1.3 Short Blades
 + Level 4.7 Long Blades
 + Level 1.3 Axes
 + Level 1.3 Maces & Flails
 + Level 1.3 Polearms
 + Level 1.3 Staves
 + Level 1.3 Slings
 + Level 1.3 Bows
 + Level 1.3 Crossbows
 + Level 1.3 Throwing
 + Level 6.6 Armour
 + Level 1.3 Dodging
 + Level 1.3 Stealth
 + Level 6.6 Shields
 + Level 1.3 Unarmed Combat
 + Level 1.3 Spellcasting
 + Level 1.0 Conjurations
 + Level 1.0 Hexes
 + Level 1.0 Charms
 + Level 1.0 Summonings
 + Level 1.0 Necromancy
 + Level 1.0 Translocations
 + Level 1.0 Transmutations
 + Level 1.0 Fire Magic
 + Level 1.0 Ice Magic
 + Level 1.0 Air Magic
 + Level 1.0 Earth Magic
 + Level 1.0 Poison Magic
 + Level 1.4 Invocations
 + Level 1.3 Evocations


You had 6 spell levels left.
You didn't know any spells.
Your spell library was empty.

Dungeon Overview and Level Annotations

Branches:
Dungeon (4/15)
 Temple: D:4-7

Altars:

Annotations:
D:4 Blork the orc


Innate Abilities, Weirdness & Mutations

Your experience applies equally to all skills.
You have very sharp teeth.
Your uncanny sense of smell can sniff out nearby items.


Message History

You slash Blork the orc!
Blork the orc is almost dead.
Blork the orc hits you with a +0 flail.
You closely miss Blork the orc.
Blork the orc is almost dead.
Blork the orc barely misses you. You block Blork the orc's attack.
You closely miss Blork the orc.
Blork the orc is almost dead.
Blork the orc hits you with a +0 flail.
* * * LOW HITPOINT WARNING * * *
You barely miss Blork the orc.
Blork the orc is almost dead.
Blork the orc gestures at you while chanting.
The magic dart hits you!
* * * LOW HITPOINT WARNING * * *
You block Blork the orc's attack.
You barely miss Blork the orc.
Blork the orc is almost dead.
You block Blork the orc's attack. Blork the orc hits you with a +0 flail!
You die...

####### ##
........###.
...........#
...........#
........o.#
.......@.#
##...#..## ##
#...# ##..## #...#
.# ##..##
...#...####
..#...#...####
..............####


You could see Blork the orc.

Vanquished Creatures
  4 adders
  An ooze (D:2)
  2 worms (D:2)
  4 dart slugs (D:1)
  3 leopard geckos
  2 orcs (D:3)
  A ball python (D:2)
  A giant cockroach (D:3)
  7 goblins
  9 hobgoblins
  6 jackals
  2 quokkas (D:4)
  5 bats
  4 frilled lizards
  6 kobolds
  4 rats
61 creatures vanquished.

Notes
Turn   | Place    | Note
-------+----------+-------------------------------------------
     0 | D:1      | Illumine the Gnoll Fighter began the quest for the Orb.
     0 | D:1      | Reached XP level 1. HP: 23/23 MP: 1/1
    84 | D:1      | Reached XP level 2. HP: 29/29 MP: 2/2
   165 | D:1      | Reached XP level 3. HP: 34/35 MP: 3/3
   710 | D:2      | Reached skill level 1 in Invocations
   842 | D:2      | Reached skill level 1 in Short Blades
   842 | D:2      | Reached skill level 1 in Axes
   842 | D:2      | Reached skill level 1 in Maces & Flails
   842 | D:2      | Reached skill level 1 in Polearms
   842 | D:2      | Reached skill level 1 in Staves
   842 | D:2      | Reached skill level 1 in Slings
   842 | D:2      | Reached skill level 1 in Bows
   842 | D:2      | Reached skill level 1 in Crossbows
   842 | D:2      | Reached skill level 1 in Throwing
   842 | D:2      | Reached skill level 1 in Dodging
   842 | D:2      | Reached skill level 1 in Stealth
   842 | D:2      | Reached skill level 1 in Unarmed Combat
   842 | D:2      | Reached skill level 1 in Spellcasting
   842 | D:2      | Reached skill level 1 in Evocations
   868 | D:2      | Reached XP level 4. HP: 37/41 MP: 5/5
  1287 | D:3      | Reached skill level 1 in Conjurations
  1287 | D:3      | Reached skill level 1 in Hexes
  1287 | D:3      | Reached skill level 1 in Charms
  1287 | D:3      | Reached skill level 1 in Summonings
  1287 | D:3      | Reached skill level 1 in Necromancy
  1287 | D:3      | Reached skill level 1 in Translocations
  1287 | D:3      | Reached skill level 1 in Transmutations
  1287 | D:3      | Reached skill level 1 in Fire Magic
  1287 | D:3      | Reached skill level 1 in Ice Magic
  1287 | D:3      | Reached skill level 1 in Air Magic
  1287 | D:3      | Reached skill level 1 in Earth Magic
  1287 | D:3      | Reached skill level 1 in Poison Magic
  1729 | D:4      | Reached XP level 5. HP: 42/47 MP: 6/6
  1749 | D:4      | Noticed Blork the orc
  1767 | D:4      | HP: 2/47 [Blork the orc/magic dart (10)]
  1768 | D:4      | Slain by Blork the orc

Levels and vault maps discovered:
D:1:      dpeg_arrival_shelter, layout_basic, item_on_display_a
D:2:      layout_basic, first_ration, minmay_pentomino_p2
D:3:      layout_loops_cross, grunt_gozag_breadcrumbs, kennysheep_jessica_study,
          uniq_natasha
D:4:      layout_cave_pods, lemuel_crystal_altar,
          hangedman_abyss_or_decor_lesser_grid, uniq_eustachio, uniq_robin,
          uniq_duvessa, uniq_blork_the_orc

Skill      XL: |  1  2  3  4 |
---------------+-------------+-----
Invocations    | 1 |  1.4
Short Blades   | 1 |  1.3
Axes           | 1 |  1.3
Maces & Flails | 1 |  1.3
Polearms       | 1 |  1.3
Staves         | 1 |  1.3
Slings         | 1 |  1.3
Bows           | 1 |  1.3
Crossbows      | 1 |  1.3
Throwing       | 1 |  1.3
Dodging        | 1 |  1.3
Stealth        | 1 |  1.3
Unarmed Combat | 1 |  1.3
Spellcasting   | 1 |  1.3
Evocations     | 1 |  1.3
Conjurations   | 1 |  1.0
Hexes          | 1 |  1.0
Charms         | 1 |  1.0
Summonings     | 1 |  1.0
Necromancy     | 1 |  1.0
Translocations | 1 |  1.0
Transmutations | 1 |  1.0
Fire Magic     | 1 |  1.0
Ice Magic      | 1 |  1.0
Air Magic      | 1 |  1.0
Earth Magic    | 1 |  1.0
Poison Magic   | 1 |  1.0
Fighting       | |  6.6
Long Blades    | |  4.7
Armour         | |  6.6
Shields        | |  6.6

Action                   |  1- 3 |  4- 6 || total
-------------------------+-------+-------++-------
Melee: Long sword        |    99 |   104 ||   203
       Bite              |     7 |     9 ||    16
  Eat: Chunk             |       |     3 ||     3
Armor: Scale mail        |    40 |    33 ||    73
Dodge: Dodged            |    42 |    22 ||    64
Block: Shield            |    50 |    14 ||    64
       Large shield      |       |    76 ||    76
       Rpst.: Long sword |    19 |     4 ||    23
